 Dungeon Crawl Stone Soup version 0.21-a0-434-g806c6c2 (webtiles) character file.

16 slep the Chopper (level 2, 0/31 HPs)
             Began as a Demonspawn Wanderer on Nov 9, 2017.
             Slain by a kobold (1 damage)
             ... on level 1 of the Dungeon.
             The game lasted 00:02:18 (400 turns).

slep the Chopper (Demonspawn Wanderer)               Turns: 400, Time: 00:02:19

Health: 0/31       AC: 21    Str: 15    XL:     2   Next: 37%
Magic:  2/5        EV:  2    Int: 12    God:
Gold:   25         SH:  0    Dex: 10    Spells: 4/5 levels left

rFire    . . .     SeeInvis .   c - +0 hand axe
rCold    . . .     Gourm    .   (no shield)
rNeg     + + +     Faith    .   (armour currently unavailable)
rPois    +         Spirit   .   (helmet currently unavailable)
rElec    .         Reflect  .   (cloak currently unavailable)
rCorr    .         Harm     .   (gloves currently unavailable)
MR       .....     NoTele   +   (boots currently unavailable)
Stlth    +.........             (no amulet)
HPRegen  0.10/turn              (no ring)
MPRegen  0.09/turn              (no ring)

@: tree-form
A: no striking features
a: no special abilities


You were on level 1 of the Dungeon.
You were not hungry.
You were a tree.
You visited 1 branch of the dungeon, and saw 1 of its levels.

You collected 25 gold pieces.

Inventory:

Hand Weapons
 c - a +0 hand axe (weapon)
Armour
 d - a +0 robe (melded)
Scrolls
 h - a scroll of immolation {unknown}
Potions
 b - 2 potions of lignification
 e - a potion of flight {unknown}
 i - a potion of curing {unknown}
Books
 a - a book of Minor Magic

   Spells                             Type                      Level
   a - Magic Dart                     Conjuration                  1
   b - Blink                          Translocation                2
   c - Call Imp                       Summoning                    2
   d - Slow                           Hexes                        2
   e - Conjure Flame                  Conjuration/Fire             3
   f - Mephitic Cloud                 Conjuration/Poison/Air       3
Comestibles
 f - a bread ration
 g - a meat ration
 j - a royal jelly


   Skills:
 + Level 1.0 Fighting
 + Level 3.0 Axes
 + Level 1.4 Armour
 + Level 0.2 Dodging
 + Level 1.0 Stealth
 + Level 2.2 Spellcasting
 + Level 1.0 Conjurations
   Level 1.0 Evocations


You had 4 spell levels left.
You knew the following spells:

 Your Spells              Type           Power        Failure   Level  Hunger
a - Magic Dart            Conj           #...         19%         1    ##.....


Dungeon Overview and Level Annotations

Branches:
Dungeon (1/15)

Altars:


Innate Abilities, Weirdness & Mutations

((Your flesh is cold resistant. (rC+)))


Message History

The kobold is severely wounded.
The kobold throws a stone.
The stone hits you but does no damage.
Casting: Magic Dart
Confirm with . or Enter, or press ? or * to list all spells.
Aiming: Magic Dart
Press: ? - help, Shift-Dir - straight line, f/p - kobold
Aim: a kobold (severely wounded)
The magic dart hits the kobold.
The kobold is severely wounded.
Casting: Magic Dart
Confirm with . or Enter, or press ? or * to list all spells.
Aiming: Magic Dart
Press: ? - help, Shift-Dir - straight line, f/p - kobold
Aim: a kobold (severely wounded)
The magic dart hits the kobold.
The kobold is severely wounded.
You hit the kobold but do no damage.
The kobold is severely wounded.
The kobold hits you.
You die...

....................
.....(........##.......
..............##.......
..............#####....
....................... .
.......^#.........#...
... .......#.........#...
...#.##.............#...
...#..##♣................
.......K............#....
....#..#.................
. ....#..#...............
.......................##
....#.##.#..##...... #
....#. #..#.# ...... !..
# ...... ..... .. .. #.


You could see a kobold.

Vanquished Creatures
  A dart slug (D:1)
  2 leopard geckos (D:1)
  A ball python (D:1)
  2 hobgoblins (D:1)
  A bat (D:1)
  A goblin (D:1)
  2 kobolds (D:1)
  2 rats (D:1)
12 creatures vanquished.

Notes
Turn   | Place    | Note
-------+----------+-------------------------------------------
     0 | D:1      | slep the Demonspawn Wanderer began the quest for the Orb.
     0 | D:1      | slep set off with: a book of Minor Magic, a potion of lignification, a +0 hand axe, a +0 robe, a bread ration
     0 | D:1      | Reached XP level 1. HP: 15/15 MP: 3/3
     2 | D:1      | Learned a level 1 spell: Magic Dart
   219 | D:1      | Reached skill level 3 in Axes
   219 | D:1      | Gained mutation: Your flesh is cold resistant. (rC+) [demonic ancestry]
   219 | D:1      | Reached XP level 2. HP: 15/21 MP: 5/5
   391 | D:1      | HP: 1/21 [leopard gecko (1)]
   396 | D:1      | HP: 1/31 [kobold/stone (1)]
   400 | D:1      | Slain by a kobold

Vault maps used:
D:1:      dpeg_arrival_tiny_a, hangedman_abyss_or_decor_lesser_grid

Skill      XL: |  1 |
---------------+----+-----
Axes           | 3 |  3.0
Fighting       | |  1.0
Armour         | |  1.4
Dodging        | |  0.2
Stealth        | |  1.0
Spellcasting   | |  2.2
Conjurations   | |  1.0
Evocations     | |  1.0

Action                   || total
-------------------------++-------
Melee: Hand axe          ||    45
 Cast: Magic Dart        ||     3
  Use: Potion            ||     1
Armor: Robe              ||     6
       Skin              ||     3
Dodge: Dodged            ||    18

Table legend:
 A = Spawn XP
 B = Non-spawn XP
 C = Spawn XP percentage of total XP
 D = Spawn monster count
 E = Non-spawn monster count
 F = Spawn count percentage of total count
 G = Total turns spent on level
                    A         B        C        D         E        F      G
               +---------+---------+-------+---------+---------+-------+---------
         Total |       0 |      23 |   0.0 |       0 |      12 |   0.0 |   400
               +---------+---------+-------+---------+---------+-------+---------
           D:1 |       0 |      23 |   0.0 |       0 |      12 |   0.0 |   400
               +---------+---------+-------+---------+---------+-------+---------
